 Dungeon Crawl Stone Soup version 0.20-a0-1124-g2e29d97 (webtiles) character file.

7785 Kikal the Martial Artist (level 10, 0/126 HPs)
             Began as a Demigod Transmuter on May 15, 2017.
             Succumbed to a killer bee's poison
             ... on level 9 of the Dungeon.
             The game lasted 01:04:16 (16521 turns).

Kikal the Martial Artist (Demigod Transmuter)      Turns: 16521, Time: 01:04:17

Health: 0/126      AC: 25    Str: 17    XL:     10   Next: 70%
Magic:  24/26      EV:  2    Int: 23    God:
Gold:   95         SH:  0    Dex: 16    Spells: 3/14 levels left

rFire    . . .     SeeInvis .     - Unarmed
rCold    . . .     Gourm    .   (no shield)
rNeg     + + +     Faith    .   (armour currently unavailable)
rPois    +         Spirit   .   (helmet currently unavailable)
rElec    .         Reflect  .   (cloak currently unavailable)
rCorr    .         Harm     .   (gloves currently unavailable)
MR       +....     NoTele   +   (boots currently unavailable)
Stlth    +.........             (no amulet)
Regen    0.4/turn               R - +3 ring of evasion
MPRegen  0.2/turn               N - ring of magical power (curse)

@: lethally poisoned (0 -> -9), tree-form, very slightly contaminated, invisible
A: clever 1, high mp 1, strong 1, MP-powered wands
a: no special abilities


You were on level 9 of the Dungeon.
You were hungry.
You were a tree.
You visited 2 branches of the dungeon, and saw 11 of its levels.

You collected 422 gold pieces.
You spent 327 gold pieces at shops.

Inventory:

Missiles
 a - 216 arrows
 j - 442 stones (quivered)
 I - 2 tomahawks
Armour
 k - a +0 ring mail
 s - a +0 leather armour
 t - a +2 ring mail of magic resistance (melded)
 x - a +0 helmet
 H - a +2 pair of gloves (melded)
 M - a +0 cloak (melded)
Jewellery
 F - an uncursed ring of fire
 N - a cursed ring of magical power (right branch)
 R - a +3 ring of evasion (left branch)
Wands
 p - a wand of polymorph (0/24)
 E - a wand of random effects (30/48)
 L - a wand of polymorph (12/24)
 Q - a wand of lightning (9/15)
Scrolls
 e - 6 scrolls of teleportation
 f - 2 scrolls of enchant weapon {unknown}
 g - 3 scrolls of remove curse
 h - 2 scrolls of recharging
 i - 3 scrolls of amnesia
 l - a scroll of identify
 m - a scroll of immolation
 n - 2 scrolls of magic mapping
 r - a scroll of blinking {unknown}
 y - a scroll of fear
 C - 5 scrolls of enchant armour
 O - a scroll of noise {unknown}
Potions
 o - a potion of agility
 q - a potion of flight
 w - 3 potions of magic
 z - 4 potions of mutation
 J - 2 potions of might
 K - a potion of lignification
Books
 c - a book of Changes

   Spells                             Type                      Level
   a - Beastly Appendage              Transmutation                1
   b - Sticks to Snakes               Transmutation                2
   c - Spider Form                    Transmutation/Poison         3
   d - Ice Form                       Ice/Transmutation            4
   e - Blade Hands                    Transmutation                5
Miscellaneous
 b - a lightning rod (4/4)
Comestibles
 d - 6 bread rations
 u - 2 chunks of flesh
 A - 8 meat rations
 B - 2 royal jellies


   Skills:
 * Level 6.6 Fighting
 - Level 4.2 Armour
 - Level 4.0 Dodging
 - Level 10.0 Unarmed Combat
 + Level 2.7 Spellcasting
 - Level 2.4 Translocations
 + Level 6.1 Transmutations
 - Level 2.2 Ice Magic
 - Level 4.2 Poison Magic


You had 3 spell levels left.
You knew the following spells:

 Your Spells              Type           Power        Failure   Level  Hunger
a - Blink                 Tloc           N/A          7%          2    ##.....
b - Sticks to Snakes      Tmut           ####....     1%          2    ##.....
c - Spider Form           Tmut/Pois      ####......   4%          3    ###....
d - Ice Form              Ice/Tmut       ###.....     22%         4    ####...


Dungeon Overview and Level Annotations

Branches:
Dungeon (10/15)            Temple (1/1) D:4            Lair (0/6) D:9
    Orc: D:9-12

Shops:
D:6 ?   D:8 ?   D:9 =[:

Annotations:
D:3 exclusion: downstairs


Innate Abilities, Weirdness & Mutations

You have an increased reservoir of magic. (+10% MP)
((You have large cloven feet.))
((You have a pair of small horns on your head.))
Your mind is acute. (Int +2)
Your muscles are strong. (Str +2)
You expend magic power (3 MP) to strengthen your wands.


Message History

Your ball python constricts the killer bee.
The killer bee barely misses your ball python.
The killer bee stings you but does no damage.
The killer bee stings you.
* * * LOW HITPOINT WARNING * * *
Your ball python bites the killer bee.
Your ball python constricts the killer bee.
You are very lightly contaminated with residual magic.
You take 6 damage, and have 2/126 hp.
You strike the helpless killer bee from behind!
You smack the killer bee!
The killer bee is almost dead.
* * * LOW HITPOINT WARNING * * *
You feel sick. The killer bee stings your ball python!
Your ball python dies!
The killer bee completely misses you.
You take 1 damage, and have 1/126 hp.
You barely miss the killer bee.
The killer bee is almost dead.
You die...

#..# #..# #.......
#..#
#..########.......
#..#
#.................
#..#
#.................
#..#
#..########.......
#..###..# #..)....
#.......# #.......
#.....y.# #..####.
#..###♣y# #..# #.
#..# #..# #..# #.
#..# #.y# #..# #.
#..# #..# #..# #.
#..# #..# #Y.# #.
#..# #..# #.Y# #.
#..#
#..########..# #.
#..#
#............####.
#..#
#.................


You could see 3 killer bees.

Vanquished Creatures
  Erolcha (D:9)
  Pikel (D:6)
  Maurice (D:8)
  A queen bee (D:10)
  Sigmund (D:4)
  2 wyverns
  Eustachio (D:8)
  A yak (D:8)
  A vampire (D:10)
  Grum (D:8)
  A water moccasin (D:6)
  Duvessa (D:4)
  An orc warrior (D:7)
  3 sky beasts
  6 ogres
  A black bear (D:7)
  3 ice beasts
  5 phantoms
  3 wolves (D:9)
  4 centaurs
  7 bullfrogs
  A gnoll sergeant (D:8)
  Dowan (D:3)
  8 killer bees
  2 water moccasin skeletons
  2 howler monkeys
  4 crimson imps
  A quasit (D:6)
  3 orc priests
  A jelly (D:8)
  A bullfrog skeleton (D:8)
  4 hounds
  A bullfrog zombie (D:8)
  Jessica (D:2)
  4 iguanas
  7 worker ants
  9 orc wizards
  The ghost of Amnesiac the Chiller, a weakling DEIE (D:3)
  A hound skeleton (D:7)
  10 gnolls
  9 adders
  4 shadow imps
  An ooze (D:3)
  An adder zombie (D:8)
  2 adder skeletons
  3 worms (D:2)
  A dart slug (D:2)
  8 leopard geckos
  23 orcs
  7 giant cockroaches
  2 gnoll zombies (D:5)
  5 goblins
  5 hobgoblins
  5 jackals
  3 quokkas
  3 ball pythons
  8 bats
  7 frilled lizards
  7 kobolds
  6 rats
218 creatures vanquished.

Vanquished Creatures (collateral kills)
  An ugly thing (D:8)
  A bullfrog (D:7)
  A killer bee (D:8)
  An adder (D:7)
4 creatures vanquished.

Vanquished Creatures (others)
  2 slaves (D:6)
  An ogre (D:6)
  A bullfrog zombie (D:6)
  A hound (D:6)
  An adder (D:6)
  An adder zombie (D:6)
  A quokka skeleton (D:6)
8 creatures vanquished.

Grand Total: 230 creatures vanquished

Notes
Turn   | Place    | Note
-------+----------+-------------------------------------------
     0 | D:1      | Kikal the Demigod Transmuter began the quest for the Orb.
     0 | D:1      | Reached XP level 1. HP: 15/15 MP: 5/5
   279 | D:1      | Reached skill level 3 in Unarmed Combat
   712 | D:1      | Reached XP level 2. HP: 18/22 MP: 7/7
   950 | D:1      | Learned a level 2 spell: Sticks to Snakes
  1142 | D:2      | Noticed Jessica
  1570 | D:2      | Reached XP level 3. HP: 10/27 MP: 6/8
  1868 | D:2      | Found a shimmering altar of Xom.
  1883 | D:2      | Found an iron altar of Okawaru.
  2082 | D:2      | Found a hide-covered altar of Uskayaw.
  2300 | D:2      | Found a burning altar of Makhleb.
  2300 | D:2      | Noticed a cacodemon
  2564 | D:2      | Found a white marble altar of Elyvilon.
  2629 | D:2      | Reached skill level 4 in Unarmed Combat
  2665 | D:2      | Found a faded altar of an unknown god.
  2750 | D:2      | Killed Jessica
  2750 | D:2      | Reached XP level 4. HP: 20/34 MP: 7/9
  3166 | D:2      | Learned a level 3 spell: Spider Form
  3257 | D:2      | Found a shattered altar of Ashenzari.
  3744 | D:3      | Noticed Amnesiac's ghost (weakling DEIE)
  3756 | D:3      | Killed Amnesiac's ghost
  4025 | D:3      | Reached skill level 1 in Poison Magic
  4310 | D:4      | Noticed a phantom
  4407 | D:4      | Noticed Sigmund
  4555 | D:4      | Killed Sigmund
  4555 | D:4      | Reached skill level 5 in Unarmed Combat
  4555 | D:4      | Reached XP level 5. HP: 6/39 MP: 7/10
  4557 | D:4      | Gained mutation: You have large cloven feet. [potion of mutation]
  4557 | D:4      | Gained mutation: Your muscles are strong. (Str +2) [potion of mutation]
  4558 | D:4      | HP: 1/39 [poisoned by Sigmund]
  4871 | D:3      | Reached XP level 6. HP: 18/46 MP: 8/11
  5138 | D:3      | Reached skill level 1 in Fighting
  5338 | D:4      | Found a staircase to the Ecumenical Temple.
  5385 | Temple   | Entered the Ecumenical Temple
  6038 | D:4      | Noticed Duvessa
  6038 | D:4      | Noticed Dowan
  6094 | D:4      | Killed Duvessa
  6178 | D:3      | Killed Dowan
  6500 | D:4      | Reached XP level 7. HP: 44/56 MP: 9/12
  6504 | D:4      | Reached skill level 6 in Unarmed Combat
  7400 | D:5      | Entered Level 5 of the Dungeon
  7474 | D:5      | Found a basalt altar of Yredelemnul.
  7596 | D:5      | Learned a level 2 spell: Blink
  8457 | D:5      | Found a sparkling altar of Nemelex Xobeh.
  8902 | D:6      | Reached XP level 8. HP: 47/66 MP: 6/13
  8988 | D:6      | Noticed Pikel
  9156 | D:6      | Killed Pikel
  9156 | D:6      | Reached skill level 7 in Unarmed Combat
  9276 | D:6      | Reached skill level 8 in Unarmed Combat
  9540 | D:6      | Found Kasa's Magic Scroll Emporium.
  9572 | D:6      | Reached skill level 1 in Armour
  9622 | D:6      | Bought a scroll of teleportation for 33 gold pieces
 10182 | D:7      | Reached XP level 9. HP: 28/71 MP: 6/14
 10896 | D:7      | Reached skill level 1 in Translocations
 11465 | D:7      | Reached skill level 5 in Fighting
 11503 | D:7      | Found a blossoming altar of Fedhas.
 11672 | D:7      | Found a deep blue altar of Sif Muna.
 12669 | D:8      | Found an ancient bone altar of Kikubaaqudgha.
 12696 | D:8      | Found Dogei's Magic Scroll Boutique.
 12703 | D:8      | Reached skill level 5 in Transmutations
 12709 | D:8      | Learned a level 4 spell: Ice Form
 12740 | D:8      | Noticed a brown ugly thing
 12838 | D:8      | Noticed Eustachio
 12852 | D:8      | Killed Eustachio
 12907 | D:8      | Found a glowing golden altar of the Shining One.
 13082 | D:8      | Reached skill level 1 in Ice Magic
 13237 | D:8      | Noticed Maurice
 13268 | D:8      | Reached skill level 9 in Unarmed Combat
 13277 | D:8      | Killed Maurice
 13616 | D:8      | Reached XP level 10. HP: 69/81 MP: 15/15
 14041 | D:8      | Killed a brown ugly thing
 14313 | D:9      | Found a staircase to the Lair.
 14313 | D:9      | Noticed a death yak
 14315 | D:9      | Noticed a death yak
 14315 | D:9      | Noticed a death yak
 14413 | D:9      | Noticed Grum
 14699 | D:8      | Killed Grum
 14985 | D:8      | Reached skill level 10 in Unarmed Combat
 15196 | D:9      | Found Umnobist's Jewellery Boutique.
 15205 | D:9      | Bought a +3 ring of evasion for 294 gold pieces
 15209 | D:9      | Noticed Erolcha
 15409 | D:9      | Found a stormy altar of Qazlal.
 15551 | D:9      | Found Doigan's Book Shop.
 15603 | D:9      | Found Puesina's Armour Shoppe.
 15660 | D:9      | Killed Erolcha
 15873 | D:10     | Entered Level 10 of the Dungeon
 16253 | D:10     | Gained mutation: You have a pair of small horns on your head. [mutagenic meat]
 16254 | D:10     | Gained mutation: You expend magic power (3 MP) to strengthen your wands. [mutagenic meat]
 16255 | D:10     | Gained mutation: Your mind is acute. (Int +2) [mutagenic meat]
 16519 | D:9      | HP: 3/126 [killer bee (5)]
 16520 | D:9      | HP: 1/126 [poisoned by a killer bee]
 16521 | D:9      | Succumbed to a killer bee's poison

Vault maps used:
D:1:      roderic_chinese_lattice_arrival
D:2:      makhleb_altar_promises_db, eat_drink_and_be_merry_uskayaw,
          old_standard_altar, lemuel_crystal_altar, lemuel_round_altar,
          chequers_ecumenical_altar_island, elyvilon_altar_5, uniq_jessica
D:3:      first_bread
D:4:      temple_fountains, uniq_sigmund, uniq_duvessa
D:5:      nemelex_xobeh_ov_fountains_minmay, lemuel_zombie_altar_yredelemnul
D:6:      minmay_holes, dk_noncrumbling_3, kennysheep_windowed_goal, uniq_pikel,
          uniq_eustachio
D:7:      kennysheep_orc_sif_temple, fedhas_altar_4,
          minmay_misc_feat_more_columns
D:8:      cheibrodos_barr_body, kiku_gazebo_pond_becter, tso_metal_star,
          serial_shops, nicolae_shop_waterfront, uniq_maurice
D:9:      kennysheep_mini, dpeg_lair_monsters, serial_shops,
          kennysheep_mini_moat, shop, nicolae_shop_waterfront, uniq_grum,
          uniq_erolcha
Temple:   minmay_temple_curvy_loop

Skill      XL: |  1  2  3  4  5  6  7  8  9 10 |
---------------+-------------------------------+-----
Transmutations | 2 3 4 5 6 |  6.1
Unarmed Combat | 3 4 5 6 8 9 10 | 10.0
Poison Magic   | 2 3 4 |  4.2
Fighting       | 2 4 5 6 |  6.6
Dodging        | 3 4 |  4.0
Armour         | 2 3 4 |  4.2
Translocations | 2 |  2.4
Ice Magic      | 2 |  2.2
Spellcasting   | 2 |  2.7

Action                   |  1- 3 |  4- 6 |  7- 9 | 10-12 || total
-------------------------+-------+-------+-------+-------++-------
Melee: Unarmed           |   131 |   162 |   470 |   244 ||  1007
       Kick              |     9 |    12 |    70 |    47 ||   138
       Punch             |     3 |     3 |    10 |    10 ||    26
       Headbutt          |     1 |     2 |       |    10 ||    13
Throw: Stone             |    11 |       |     2 |       ||    13
 Cast: Beastly Appendage |     8 |     4 |       |       ||    12
       Sticks to Snakes  |     2 |     4 |    20 |    10 ||    36
       Spider Form       |       |     7 |    31 |     6 ||    44
  Use: Potion            |       |     4 |     2 |     3 ||     9
       Scroll            |       |     5 |     8 |     4 ||    17
 Stab: Sleeping          |     1 |     2 |       |       ||     3
       Distracted        |       |       |     2 |       ||     2
       Invisible         |       |       |       |     1 ||     1
  Eat: Chunk             |     6 |     8 |    22 |     8 ||    44
       Fruit             |       |     2 |     1 |       ||     3
       Bread ration      |       |     1 |     1 |       ||     2
       Meat ration       |       |       |       |     1 ||     1
Armor: Robe              |     8 |       |       |       ||     8
       Leather armour    |    31 |    25 |    62 |    10 ||   128
       Skin              |       |       |     6 |    25 ||    31
       Ring mail         |       |       |       |    60 ||    60
Dodge: Dodged            |    74 |   111 |   287 |   256 ||   728
